 Dungeon Crawl Stone Soup version 0.30-b1-2-g02819fbbbe (webtiles) character file.

Game seed: 10548402160257188811

9 Alarkh the Insei (level 2, 21/21 HPs)
             Began as a Demonspawn Transmuter on May 22, 2023.
             Got out of the dungeon alive.
             The game lasted 00:00:58 (318 turns).

Alarkh the Insei (Demonspawn Transmuter)             Turns: 318, Time: 00:00:59

Health: 21/21      AC:  3    Str: 10    XL:     2   Next: 6%
Magic:  5/5        EV: 12    Int: 14    God:
Gold:   36         SH:  0    Dex: 13    Spells: 4/5 levels left

rFire   . .          .
                       - Unarmed
rCold   . . .        (no shield)
rNeg    . . .        a - +0 robe
rPois   .            (no helmet)
rElec   .            (no cloak)
rCorr   .            d - +0 pair of gloves
SInv    .            (no boots)
Will    .....        (no amulet)
Stlth   +            (no ring)
HPRegen 0.23/turn    (no ring)
MPRegen 0.09/turn

%: no passive effects
@: no status effects
A: hooves 1
a: no special abilities


You escaped.
You visited 1 branch of the dungeon, and saw 1 of its levels.

You collected 36 gold pieces.

Inventory:

Armour
 a - a +0 robe (worn)
 d - a +0 pair of gloves (worn)
Scrolls
 c - 2 scrolls of teleportation {unknown}
Potions
 b - a potion of lignification


   Skills:
 - Level 1.0 Fighting
 - Level 1.7 Dodging
 * Level 3.0 Unarmed Combat
 + Level 2.1 Spellcasting
 + Level 2.0 Transmutations


You had 4 spell levels left.
You knew the following spells:

 Your Spells              Type           Power      Damage    Failure   Level
a - Beastly Appendage     Tmut           14%        N/A       11%         1

Your spell library contained the following spells:

 Spells                   Type           Power      Damage    Failure   Level
 Wereblood                Tmut           7%         N/A       16%         2
 Spider Form              Tmut/Pois      4%         N/A       43%         3
 Ice Form                 Ice/Tmut       4%         N/A       83%         4


Dungeon Overview and Level Annotations

Branches:
Dungeon (1/15)

Altars:

Shops:
D:1 [


Innate Abilities, Weirdness & Mutations

You have large cloven feet.


Message History

c - 2 scrolls labelled NOFFALE NEMEKEF (gained 1)
Found two ring mails.
Your horns disappear.
Your talons disappear.
You see here a +0 ring mail.
You see here a +0 ring mail.
A kobold and a bat come into view.
The kobold shouts!
A dart slug comes into view.
Casting: Beastly Appendage (safe; 11% risk of failure)
Confirm with . or Enter, or press ? or * to list all spells.
You grow a pair of large bovine horns.
Your feet morph into talons.
The bat barely misses you.
You hit the bat.
You kill the bat!
You barely miss the kobold. You claw the kobold.
You kill the kobold!
The dart slug launches a dart at you. The slug dart hits you.
Things that are here:
a +0 club; a kobold corpse; a bat corpse You hit the dart slug.
You claw the dart slug.
The dart slug is heavily wounded.
You hit the dart slug.
You kill the dart slug!
Your transformation is almost over.
Your Unarmed Combat skill increases to level 3!
Your Transmutations skill increases to level 2!
You have reached level 2!
Your demonic ancestry asserts itself...
Your talons look more like feet.
Your talons dull and shrink into feet.
Your feet thicken and deform.
Unknown command.
You see here a +0 ring mail.
Your horns disappear.
Things that are here:
a +0 club; a goblin corpse You see here a rat skeleton.
There is a staircase leading out of the dungeon here.
Are you sure you want to leave the Dungeon?
This will make you lose the game!
You have escaped!

#....##.#
#.#.####.####.#÷###.
####....###.#...##.#.....##
#.
#...........#.#.##.#.#####
#. #.###................#
#. #.....♣♣♣♣♣♣♣♣♣..# #.
#..#.♣..PP..PP♣..# #.
#..#.♣...P..PP♣..# #.
#..#.♣P...PP..♣..#
#..#.♣PP.@.P..♣..#
.....♣..P...PP♣..# ..
..♣..PP...P♣..#
..♣PP..P...♣..#
♣PP..PP..♣..# ♣♣♣♣♣♣♣♣♣...#
............# #######.#####
#.#


There were no monsters in sight!

Vanquished Creatures
  A dart slug (D:1)
  A ball python (D:1)
  A bat (D:1)
  A goblin (D:1)
  2 kobolds (D:1)
  A rat (D:1)
7 creatures vanquished.

Notes
Turn   | Place    | Note
-------+----------+-------------------------------------------
     0 | D:1      | Alarkh the Demonspawn Transmuter began the quest for the
                  | Orb.
     0 | D:1      | Reached XP level 1. HP: 15/15 MP: 3/3
   153 | D:1      | Found Huizyt's Armour Shoppe.
   279 | D:1      | Reached skill level 3 in Unarmed Combat
   279 | D:1      | Lost mutation: You have razor-sharp toenails. [demonic
                  | ancestry]
   279 | D:1      | Lost mutation: You have sharp toenails. [demonic ancestry]
   279 | D:1      | Gained mutation: You have large cloven feet. [demonic
                  | ancestry]
   279 | D:1      | Reached XP level 2. HP: 18/21 MP: 3/5
   318 | D:$      | Got out of the dungeon alive.

Illustrated notes

Levels and vault maps discovered:
D:1:      scummos_arrival_checkerplants, layout_loops_ring, serial_shops,
          nicolae_shop_advertising_works [nicolae_subvault_shop_adworks],
          grunt_decor_arrowhead

Skill      XL: |  1 |
---------------+----+-----
Unarmed Combat | 3 |  3.0
Transmutations | 2 |  2.0
Fighting       | |  1.0
Dodging        | |  1.7
Spellcasting   | |  2.1

Action                     || total
---------------------------++-------
  Melee: Unarmed           ||    16
         Kick              ||     3
         Punch             ||     1
   Cast: Beastly Appendage ||     4
   Stab: Sleeping          ||     2
  Dodge: Dodged            ||    11
